 Dungeon Crawl Stone Soup version 0.30-a0-140-gd1020e658a (webtiles) character file.

Game seed: 17782438149993830311

1 ponyjar the Sneak (level 1, 0/18 HPs)
             Began as a Formicid Delver on Sept 24, 2022.
             Slain by an ufetubus (1 damage)
             ... on level 6 of the Dungeon.
             The game lasted 00:01:23 (36 turns).

ponyjar the Sneak (Formicid Delver)                   Turns: 36, Time: 00:01:23

Health: 0/18       AC:  3    Str: 16    XL:     1   Next: 22%
Magic:  1/1        EV: 12    Int:  9    God:
Gold:   0          SH:  0    Dex: 15    Spells: 0/0 levels left

rFire   . . .      SeeInvis +    a - +0 short sword
rCold   . . .      Faith    .    (no shield)
rNeg    . . .      Spirit   .    b - +0 leather armour
rPois   .          Reflect  .    (helmet unavailable)
rElec   .          Harm     .    (no cloak)
rCorr   .          Rampage  .    (no gloves)
Will    .....                    (no boots)
Stlth   +++.......               (no amulet)
HPRegen 0.06/turn                (no ring)
MPRegen 0.07/turn                (no ring)

@: no status effects
A: permanent stasis, dig shafts and tunnels, antennae 3, four strong arms
a: Dig, Shaft Self


You were on level 6 of the Dungeon.
You visited 1 branch of the dungeon, and saw 2 of its levels.

Inventory:

Hand Weapons
 a - a +0 short sword (weapon)
Armour
 b - a +0 leather armour (worn)
Wands
 f - a wand of digging (3)
Scrolls
 c - a scroll of fog
 d - a scroll of magic mapping
 e - a scroll of fear


   Skills:
 + Level 3.3 Fighting
 + Level 2.0 Short Blades
 + Level 1.8 Dodging
 + Level 6.0 Stealth


You couldn't memorise any spells.
You didn't know any spells.
Your spell library was empty.

Dungeon Overview and Level Annotations

Branches:
Dungeon (6/15)
 Temple: D:4-7

Altars:


Innate Abilities, Weirdness & Mutations

You cannot be hasted, slowed, berserked, paralysed or teleported.
You can dig through walls and to a lower floor.
You have a pair of large antennae on your head. (SInv)
Your four strong arms can wield two-handed weapons with a shield.


Message History

The ufetubus misses you. The ufetubus completely misses you.
The hound stops to sniff the ground.
Unknown command.
Welcome back, ponyjar the Formicid Delver.
Press ? for a list of commands and other information.
Unknown command.
Welcome back, ponyjar the Formicid Delver.
Press ? for a list of commands and other information.
You hit the ufetubus but do no damage. The ufetubus hits you.
The ufetubus closely misses you. x2; The ufetubus hits you.
Unknown command.
The ufetubus hits you but does no damage.
The ufetubus barely misses you.
You climb downwards.
There is a stone staircase leading up here.
Unknown command.
Unknown command.
You hit the ufetubus.
The ufetubus is lightly wounded.
The ufetubus hits you but does no damage.
The ufetubus barely misses you. The ufetubus completely misses you.
The ufetubus hits you but does no damage.
You closely miss the ufetubus. The ufetubus hits you.
* * * LOW HITPOINT WARNING * * *
The ufetubus misses you.
You barely miss the ufetubus. The ufetubus barely misses you.
The ufetubus misses you.
You hit the ufetubus but do no damage. The ufetubus misses you.
The ufetubus completely misses you. The ufetubus barely misses you.
The ufetubus hits you but does no damage.
You hit the ufetubus.
The ufetubus is heavily wounded.
The ufetubus hits you.
* * * LOW HITPOINT WARNING * * *
The ufetubus hits you.
* * * LOW HITPOINT WARNING * * *
You closely miss the ufetubus.
The ufetubus is heavily wounded.
The ufetubus closely misses you. The ufetubus hits you.
You die...

.. .. .. ..
#. .# .##.
.. ###...
.## ##.....
..# .......
..##
#.....5#...#
#@..# #.###
###


You could see an ufetubus.

Vanquished Creatures
  A quokka (D:5)
1 creature vanquished.

Notes
Turn   | Place    | Note
-------+----------+-------------------------------------------
     0 | D:5      | ponyjar the Formicid Delver began the quest for the Orb.
     0 | D:5      | Reached XP level 1. HP: 18/18 MP: 1/1
     9 | D:5      | Noticed a hound
    13 | D:5      | Noticed an orc wizard
    13 | D:5      | Noticed an orc warrior
    15 | D:5      | Noticed a scorpion
    36 | D:6      | Slain by an ufetubus

Illustrated notes

Levels and vault maps discovered:
D:5:      cheibrodos_fzero, layout_basic, minmay_misc_feat_tiny,
          minmay_misc_feat_secret_circle
D:6:      layout_cave_pools, grunt_temple_overflow_opulence,
          nzn_overflow_gifts_of_might_and_magic, mainiacjoe_overflow_alcove_2,
          serial_shops, nicolae_square_shop, amcnicky_mini_pool_small,
          kennysheep_small_circle, uniq_pikel

Action                   || total
-------------------------++-------
Melee: Short sword       ||    12
Armor: Leather armour    ||     8
Dodge: Dodged            ||    28

Table legend: (Time is in decaauts)
 A = Elapsed time spent in this place.
 B = Non-inter-level travel time spent in this place.
 C = Inter-level travel time spent in this place.
 D = Time resting spent in this place.
 E = Time spent auto-exploring this place.
 F = Levels seen in this place.
 G = Mean time per level.
                   A        B        C        D        E       F      G
               +--------+--------+--------+--------+--------+-----+--------+
         Total |     34 |     34 |      0 |      0 |      7 |   2 |   17.0 |
       Dungeon |     34 |     34 |      0 |      0 |      7 |   2 |   17.0 |
               +--------+--------+--------+--------+--------+-----+--------+

Top non-repeatable levels by time:
     D:5: 29 daAuts
     D:6: 5 daAuts
